 Dungeon Crawl Stone Soup version 0.20.2 (webtiles) character file.

151 Alfie the Shooter (level 5, -7/45 HPs)
             Began as a Minotaur Hunter on Apr 15, 2020.
             Mangled by a two-headed ogre
             ... wielding a +0 giant club
              (14 damage)
             ... on level 3 of the Dungeon.
             The game lasted 00:04:38 (1790 turns).

Alfie the Shooter (Minotaur Hunter)                 Turns: 1790, Time: 00:04:39

Health: -7/45      AC:  6    Str: 17    XL:     5   Next: 10%
Magic:  4/4        EV: 12    Int:  8    God:
Gold:   146        SH:  0    Dex: 11    Spells: 4/4 levels left

rFire    . . .     SeeInvis .   a - +1 shortbow
rCold    . . .     Gourm    .   (shield currently unavailable)
rNeg     . . .     Faith    .   c - +1 leather armour
rPois    +         Spirit   .   (helmet restricted)
rElec    .         Reflect  .   (no cloak)
rCorr    .         Harm     .   (no gloves)
MR       .....                  (no boots)
Stlth    +.........             (no amulet)
Regen    0.2/turn               (no ring)
MPRegen  0.1/turn               (no ring)

@: no status effects
A: retaliatory headbutt, horns 2, thin metallic scales 1, poison resistance
a: no special abilities


You were on level 3 of the Dungeon.
You were hungry.

You visited 1 branch of the dungeon, and saw 3 of its levels.

You collected 146 gold pieces.

Inventory:

Hand Weapons
 a - a +1 shortbow (weapon)
 b - a +0 short sword
Missiles
 d - 18 arrows (quivered)
Armour
 c - a +1 leather armour (worn)
Scrolls
 l - 2 scrolls of identify
Potions
 e - 2 potions of mutation
 h - 2 potions of curing {unknown}
 i - 2 potions of brilliance {unknown}
 j - a potion of heal wounds {unknown}
 k - a potion of resistance {unknown}
 m - a potion of might {unknown}
 n - a potion of cancellation {unknown}
 o - 2 potions of invisibility
Comestibles
 f - 4 bread rations
 g - 2 royal jellies
 p - a meat ration


   Skills:
 + Level 3.4 Fighting
 + Level 6.4 Bows
 + Level 0.5 Armour
 + Level 2.5 Dodging
 + Level 0.8 Stealth


You had 4 spell levels left.
You didn't know any spells.

Dungeon Overview and Level Annotations

Branches:
Dungeon (3/15)

Altars:


Innate Abilities, Weirdness & Mutations

You reflexively headbutt those who attack you in melee.
You have a pair of horns on your head.
You are partially covered in thin metallic scales. (AC +2)
Your system is resistant to poisons. (rPois)


Message History

* * * LOW HITPOINT WARNING * * *
Firing (i - inventory):
d - 21 arrows (quivered)
Press: ? - help, Shift-Dir - straight line, f/p - two-headed ogre
Aim: a two-headed ogre, wielding two giant clubs (heavily wounded)
You shoot an arrow. The arrow hits the two-headed ogre.
The two-headed ogre is heavily wounded.
Firing (i - inventory):
d - 20 arrows (quivered)
Press: ? - help, Shift-Dir - straight line, f/p - two-headed ogre
Aim: a two-headed ogre, wielding two giant clubs (heavily wounded)
You shoot an arrow.
The arrow barely misses the two-headed ogre.
The two-headed ogre barely misses you. You furiously retaliate!
You headbutt the two-headed ogre. The two-headed ogre barely misses you.
Firing (i - inventory):
d - 19 arrows (quivered)
Press: ? - help, Shift-Dir - straight line, f/p - two-headed ogre
Aim: a two-headed ogre, wielding two giant clubs (severely wounded)
You shoot an arrow. The arrow hits the two-headed ogre.
The two-headed ogre is severely wounded.
The two-headed ogre hits you with a giant club!
You die...

.#...#.#.#...#.......)).(........
...#.#.#...#.#.........).........
####.#.#####.#.........#.........
.....#.†.....#.........#.........
##############.....#.###.........
...........#.# #...(.####
...........#.# #....(#
.###.......#.#######.#
#....@...>.). .. .......##O......
....... #(...%). ##..... (......
#..... (...... #..... (......
#..... ....... #####. ......(


You could see a two-headed ogre.

Vanquished Creatures
  2 orc wizards (D:3)
  4 adders
  4 dart slugs (D:1)
  2 leopard geckos
  An orc (D:3)
  A giant cockroach (D:2)
  7 goblins
  6 hobgoblins
  2 quokkas
  7 bats
  7 frilled lizards
  3 kobolds
  7 rats
53 creatures vanquished.

Notes
Turn   | Place    | Note
-------+----------+-------------------------------------------
     0 | D:1      | Alfie the Minotaur Hunter began the quest for the Orb.
     0 | D:1      | Reached XP level 1. HP: 18/18 MP: 0/0
   107 | D:1      | Reached XP level 2. HP: 22/25 MP: 1/1
   236 | D:1      | Reached skill level 5 in Bows
   589 | D:1      | Reached XP level 3. HP: 30/30 MP: 2/2
   828 | D:2      | Gained mutation: You are frail. (-10% HP) [potion of mutation]
   828 | D:2      | Gained mutation: You are partially covered in thin metallic scales. (AC +2) [potion of mutation]
   828 | D:2      | Lost mutation: You are frail. (-10% HP) [potion of mutation]
   828 | D:2      | Gained mutation: Your system is resistant to poisons. (rPois) [potion of mutation]
  1421 | D:3      | Reached XP level 4. HP: 36/38 MP: 3/3
  1739 | D:3      | Reached skill level 6 in Bows
  1758 | D:3      | Reached XP level 5. HP: 30/45 MP: 4/4
  1782 | D:3      | Noticed a two-headed ogre
  1790 | D:3      | Mangled by a two-headed ogre

Skill      XL: |  1  2  3  4 |
---------------+-------------+-----
Bows           | 5 6 |  6.4
Fighting       | 3 |  3.4
Armour         | |  0.5
Dodging        | |  2.5
Stealth        | |  0.8

Action                   |  1- 3 |  4- 6 || total
-------------------------+-------+-------++-------
Melee: Short sword       |     6 |       ||     6
 Fire: Shortbow          |    94 |    43 ||   137
  Use: Scroll            |     3 |       ||     3
       Potion            |     1 |       ||     1
  Eat: Royal jelly       |     1 |       ||     1
Armor: Leather armour    |     9 |     1 ||    10
Dodge: Dodged            |    31 |     8 ||    39
